 Dungeon Crawl Stone Soup version 0.14-a0-1844-g8283a67 (webtiles) character file.

333 HollowCharge the Skirmisher (level 5, 0/33 HPs)
             Began as a Tengu Fighter on Jan 11, 2014.
             Slain by an orc (3 damage)
             ... on Level 2 of the Dungeon.
             The game lasted 00:10:06 (2623 turns).

HollowCharge the Skirmisher (Tengu Fighter)         Turns: 2623, Time: 00:10:06

HP   0/33        AC  8     Str 16      XL: 5   Next: 38%
MP   7/7         EV  6     Int  9      God:
Gold 177         SH 18     Dex 14      Spells:  0 memorised,  4 levels left

rFire  . . .     SeeInvis .     a - +0 falchion
rCold  . . .     Clarity  .     b - +0 scale mail
rNeg   . . .     Conserve .     c - +0 shield
rPois  .         rCorr    .     (helmet restricted)
rElec  .         rRot     .     (no cloak)
SustAb . .       Spirit   .     i - +0 pair of gloves
rMut   .         Warding  .     (boots unavailable)
Saprov . . .     Stasis   .     (no amulet)
                                (no ring)
                                (no ring)

@: slightly resistant to hostile enchantments, extremely unstealthy
A: able to fly, beak, talons 3
a: Fly


You were on level 2 of the Dungeon.
You were not hungry.

You visited 1 branch of the dungeon, and saw 3 of its levels.

You collected 177 gold pieces.

Inventory:

Hand weapons
 a - a +0,+0 falchion (weapon)
Armour
 b - a +0 scale mail (worn)
 c - a +0 shield (worn)
 i - a +0 pair of gloves (worn)
Magical devices
 g - a wand of slowing (10) {unknown}
Comestibles
 d - 2 bread rations
 o - a rotting chunk of bat flesh
 q - a rotting chunk of worm flesh
 s - 13 grapes
Scrolls
 e - 2 scrolls of amnesia {unknown}
 h - 2 scrolls of remove curse
 k - a scroll of fear
Jewellery
 l - an uncursed ring of teleport control {unknown}
 n - an uncursed ring of magical power {unknown}
 p - an uncursed amulet of resist corrosion {unknown}
Potions
 j - a potion of resistance {unknown}


   Skills:
 * Level 4.1 Fighting
 * Level 3.2 Long Blades
 + Level 4.0 Armour
 + Level 1.9 Dodging
 + Level 3.5 Shields


You had 4 spell levels left.
You didn't know any spells.

Dungeon Overview and Level Annotations

Branches:
Dungeon (3/16)

Altars:
Okawaru


Innate Abilities, Weirdness & Mutations

You can fly.
You have a beak for a mouth.
You have claws for feet.


Message History

You closely miss the orc. Your kick misses the orc.
The orc hits you but does no damage.
The orc priest mumbles some strange prayers to Beogh against you.
Something smites you!
* * * LOW HITPOINT WARNING * * *
There is a stone staircase leading up here.
The orc hits you but does no damage.
You climb upwards.
There is a stone staircase leading down here.
You hit the orc.
The orc is lightly wounded.
You block the orc's attack.
You hit the orc. Your kick misses the orc. You peck the orc.
The orc is severely wounded.
The orc hits you.
* * * LOW HITPOINT WARNING * * *
You completely miss the orc. You claw the orc.
The orc is almost dead.
You block the orc's attack. The orc hits you.
You die...

#.##.# #.# #.####### #.##
#.##.####.# #.......# ##..
#.......#.# #######%# ##...
##......#.## #.# #....
##.###..#..########.# #....
...###..............# #..<.
#.......##.########## #....
#.......##.################ #....
.....##.......<.@o........####..⌠
###.............))......#....##..
#⌠#.###.###########..#..##..##.##
###.###.# #.###.#...##.#
........# #.........##.#
######### ##...........#
##....#..#### ####....#####
###.......


You could see an orc.

Vanquished Creatures
  4 gnolls
  2 adders (D:2)
  A giant mite (D:2)
  An inept feature mimic (D:2)
  3 worms
  3 giant geckos
  5 oozes
  An orc (D:3)
  3 giant cockroaches
  5 hobgoblins
  3 jackals (D:1)
  3 bats
  4 giant newts
  9 goblins
  9 kobolds
  A quokka (D:2)
  8 rats
65 creatures vanquished.

Notes
Turn   | Place    | Note
--------------------------------------------------------------
     0 | D:1      | HollowCharge, the Tengu Fighter, began the quest for the Orb.
     0 | D:1      | Reached XP level 1. HP: 14/14 MP: 1/1
   510 | D:1      | Reached XP level 2. HP: 19/19 MP: 3/3
   771 | D:1      | Reached XP level 3. HP: 18/23 MP: 4/4
   815 | D:1      | Reached skill level 1 in Dodging
  1210 | D:2      | Reached XP level 4. HP: 22/29 MP: 5/5
  1632 | D:2      | Reached skill level 4 in Fighting
  1681 | D:2      | Reached XP level 5. HP: 33/33 MP: 7/7
  1786 | D:2      | Found an iron altar of Okawaru.
  2623 | D:2      | Slain by an orc

Action                   |  1- 3 |  4- 6 || total
-------------------------+-------+-------++-------
Melee: Falchion          |    88 |   115 ||   203
  Use: Scroll            |       |     8 ||     8
